 Dungeon Crawl Stone Soup version 0.18.1-8-gdd0e5ea (webtiles) character file.

469 Loading the Shield-Bearer (level 7, -7/55 HPs)
             Began as a Formicid Fighter on May 23, 2016.
             Mangled by Pikel
             ... wielding a +2 whip of freezing
              (8 damage)
             ... on level 5 of the Dungeon.
             The game lasted 00:08:05 (3598 turns).

Loading the Shield-Bearer (Formicid Fighter)        Turns: 3598, Time: 00:08:06

Health: -7/55      AC:  8    Str: 21    XL:     7   Next: 31%
Magic:  7/7        EV:  8    Int:  7    God:
Gold:   194        SH: 10    Dex: 12    Spells: 0 memorised, 6 levels left

rFire  . . .     SeeInvis +     a - +1 quarterstaff
rCold  . . .     Gourm    .     b - +0 scale mail
rNeg   . . .     Faith    .     c - +0 shield
rPois  .         Spirit   .     (helmet unavailable)
rElec  .         Dismiss  .     (no cloak)
rCorr  .         Reflect  .     d - +0 pair of gloves
SustAt .         Harm     .     (no boots)
MR     .....                    (no amulet)
Stlth  ..........               (no ring)
                                (no ring)

@: not resistant to hostile enchantments, extremely unstealthy
A: permanent stasis, dig shafts and tunnels, four strong arms, antennae 3
a: Dig, Shaft Self


You were on level 5 of the Dungeon.
You were hungry.

You visited 1 branch of the dungeon, and saw 5 of its levels.

You collected 194 gold pieces.

Inventory:

Hand Weapons
 a - a +1 quarterstaff (weapon)
Armour
 b - a +0 scale mail (worn)
 c - a +0 shield (worn)
 d - a +0 pair of gloves (worn)
Scrolls
 e - 2 scrolls of remove curse
 h - 5 scrolls of identify
 j - a scroll of magic mapping
Potions
 g - a potion of haste
Comestibles
 f - 6 bread rations
 m - a meat ration


   Skills:
 + Level 4.9 Fighting
 * Level 4.8 Staves
 + Level 4.9 Armour
 + Level 5.1 Shields


You had 6 spell levels left.
You didn't know any spells.

Dungeon Overview and Level Annotations

Branches:
Dungeon (5/15)
 Temple: D:4-7

Altars:
Dithmenos
Gozag
Nemelex Xobeh
Pakellas
Zin

Annotations:
D:5 Pikel


Innate Abilities, Weirdness & Mutations

You are under a permanent stasis effect.
You can dig through walls and to a lower floor.
Your four strong arms can wield two-handed weapons with a shield.
You have a pair of large antennae on your head (SInv).


Message History

Pikel freezes you.
* * * LOW HITPOINT WARNING * * *
There is a stone staircase leading down here.
Pikel is no longer moving quickly.
You barely miss Pikel.
Pikel is severely wounded.
Pikel closely misses you.
You hit Pikel but do no damage.
Pikel is severely wounded.
You block Pikel's attack.
You hit Pikel.
Pikel is severely wounded.
Pikel hits you with a whip of freezing.
* * * LOW HITPOINT WARNING * * *
Pikel freezes you.
* * * LOW HITPOINT WARNING * * *
You hit Pikel but do no damage.
Pikel is severely wounded.
Pikel hits you with a whip of freezing!
You die...

#............$+
#.######......#
#......p....#
#.#####p#.###
#o#.# #p# # #p#
#K# #@# #.# #.#
#.# #.# #.# #.#
#.#


You could see Pikel, 4 slaves and an orc.

Vanquished Creatures
  Eustachio (D:4)
  The ghost of Marenglen the Vexing, an amateur TrAM (D:3)
  A scorpion (D:5)
  An iguana (D:4)
  3 gnolls (D:2)
  7 adders
  An ooze (D:2)
  A worm (D:2)
  A dart slug (D:4)
  A giant gecko (D:4)
  An orc (D:4)
  A ball python (D:3)
  3 bats
  7 giant cockroaches
  6 goblins
  12 hobgoblins
  7 jackals
  4 giant newts
  6 kobolds
  A quokka skeleton (D:4)
  8 rats
74 creatures vanquished.

Notes
Turn   | Place    | Note
--------------------------------------------------------------
     0 | D:1      | Loading the Formicid Fighter began the quest for the Orb.
     0 | D:1      | Reached XP level 1. HP: 18/18 MP: 1/1
   437 | D:1      | Reached XP level 2. HP: 24/24 MP: 2/2
  1056 | D:2      | Reached XP level 3. HP: 20/29 MP: 3/3
  1161 | D:2      | Found a faded altar to an unknown god.
  1281 | D:2      | Reached skill level 4 in Shields
  1349 | D:1      | Reached XP level 4. HP: 10/37 MP: 4/4
  1904 | D:3      | Reached XP level 5. HP: 16/42 MP: 5/5
  2096 | D:3      | Noticed Marenglen's ghost (amateur TrAM)
  2103 | D:3      | Killed Marenglen's ghost
  2103 | D:3      | Reached XP level 6. HP: 38/49 MP: 6/6
  2219 | D:3      | Found a shadowy altar of Dithmenos.
  2706 | D:4      | Found a sparkling altar of Nemelex Xobeh.
  2809 | D:4      | Noticed Eustachio
  2840 | D:4      | Killed Eustachio
  2840 | D:4      | Reached skill level 5 in Shields
  2840 | D:4      | Reached XP level 7. HP: 50/55 MP: 7/7
  3257 | D:4      | Found a glowing silver altar of Zin.
  3265 | D:4      | Found an oddly glowing altar of Pakellas.
  3266 | D:4      | Found an opulent altar of Gozag.
  3360 | D:5      | Entered Level 5 of the Dungeon
  3566 | D:5      | Noticed Pikel
  3597 | D:5      | HP: 2/55 [Pikel/whip of freezing (2)]
  3598 | D:5      | Mangled by Pikel

Skill      XL: |  1  2  3  4  5  6 |
---------------+-------------------+-----
Shields        | 4 5 |  5.1
Staves         | 3 4 |  4.8
Fighting       | 4 |  4.9
Armour         | 4 |  4.9

Action                   |  1- 3 |  4- 6 |  7- 9 || total
-------------------------+-------+-------+-------++-------
Melee: Quarterstaff      |   161 |   134 |    30 ||   325
  Use: Potion            |     3 |     3 |     2 ||     8
       Scroll            |       |    10 |     2 ||    12
  Eat: Chunk             |     1 |     4 |       ||     5
       Pizza             |       |     1 |       ||     1
       Royal jelly       |       |       |     1 ||     1
Armor: Scale mail        |    64 |    61 |    14 ||   139
Dodge: Dodged            |    55 |    51 |    28 ||   134
Block: Shield            |    79 |    90 |    35 ||   204
